AoeStats
← éomer

Arena

510176845Analyzed
1v1 RM · 1d ago on Sep 29, 2026· 35m 6s· 2 players
Game mode
Random Map
Map size
Tiny (2 player)
Population
200
Speed
Normal
Resources
Standard
Victory
Conquest
Starting age
Dark Age
Ending age
Imperial Age
RankedLock teamsTeams togetherTeam positionsShared explorationLock speedFull tech treeHidden civsTurbo modeCheats
Victory
Defeat
🇹🇷 Ethiopians · Türkiye
1672
+12
🇫🇷 Britons · France
1588
-12
éomer
10:39 Feudal Age
11:49 Double-Bit Axe
14:36 Castle Age
12:41 Horse Collar
15:52 Husbandry
20:23 Loom
22:46 Wheelbarrow
23:35 Bow Saw
23:28 Heavy Plow
27:51 Imperial Age
26:38 Hand Cart
26:11 Town Watch
26:38 Fletching
26:59 Padded Archer Armor
27:42 Ballistics
27:19 Elite Skirmisher
27:55 Bodkin Arrow
28:17 Leather Archer Armor
29:49 Chemistry
29:20 Gold Mining
29:21 Stone Mining
30:28 Bracer
32:31 Ring Archer Armor
33:05 Masonry
34:13 Siege Engineers
34:23 Thumb Ring
34:52 Squires
34:52 Scale Mail Armor
34:28 Crossbowman
Maltimus
10:24 Feudal Age
14:14 Castle Age
12:20 Double-Bit Axe
12:38 Horse Collar
14:18 Light Cavalry
18:17 Loom
20:21 Bow Saw
20:58 Heavy Plow
21:42 Wheelbarrow
22:01 Gold Mining
22:41 Stone Mining
23:39 Hand Cart
24:41 Hand Cart
26:26 Town Watch
27:06 Ballistics
29:22 Imperial Age
26:59 Fletching
27:10 Padded Archer Armor
28:03 Bodkin Arrow
28:22 Masonry
29:05 Gold Shaft Mining
28:29 Pikeman
29:42 Leather Archer Armor
30:19 Yeomen
30:46 Conscription
30:24 Crossbowman
32:19 Two-Man Saw
31:56 Bracer
32:26 Ring Archer Armor
33:03 Chemistry
32:34 Architecture
32:58 Warwolf
33:34 Siege Engineers
34:25 Scale Mail Armor
34:36 Forging
34:26 Cavalier
35:13 Scale Barding Armor
Connection lost

Rejoining the realm…

Still unreachable

The connection could not be restored.

Session expired

The server has moved on; the page needs a fresh start.